 Dungeon Crawl Stone Soup version 0.23-a0-61-g4bf3f6c (webtiles) character file.

1031 Amnesiac the Conjurer (level 8, -3/56 HPs)
             Began as a Mummy Conjurer on Aug 9, 2018.
             Was a Believer of Sif Muna.
             Killed from afar by Blork the orc (13 damage)
             ... with a puff of flame
             ... on level 4 of the Dungeon.
             The game lasted 00:10:57 (5350 turns).

Amnesiac the Conjurer (Mummy Conjurer)              Turns: 5350, Time: 00:10:58

Health: -3/56      AC:  5    Str: 12    XL:     8   Next: 3%
Magic:  0/17       EV: 12    Int: 16    God:    Sif Muna [**....]
Gold:   112        SH:  4    Dex: 12    Spells: 12/19 levels left

rFire    x . .     SeeInvis .   a - +0 hunting sling
rCold    + . .     Gourm    .   k - +0 buckler
rNeg     + + +     Faith    .   c - +1 leather armour {rPois}
rPois    ∞         Spirit   .   n - +0 helmet
rElec    .         Reflect  .   (no cloak)
rCorr    .         Harm     .   (no gloves)
MR       +....                  (no boots)
Stlth    +.........             (no amulet)
HPRegen  0.18/turn              (no ring)
MPRegen  0.15/turn              (no ring)

@: very slightly contaminated, no casting
A: no food or potions, fire vulnerability, cold resistance 1, negative energy
resistance 3, torment resistance, unbreathing
a: Stop Divine Energy, Renounce Religion


You were on level 4 of the Dungeon.
You worshipped Sif Muna.
Sif Muna was pleased with you.
You were not hungry.

You visited 1 branch of the dungeon, and saw 4 of its levels.

You collected 112 gold pieces.

Inventory:

Hand Weapons
 a - a +0 hunting sling (weapon)
 b - a +2 dagger of venom
Missiles
 d - 302 stones
 h - 53 sling bullets (quivered)
Armour
 c - a +1 leather armour of poison resistance (worn)
 k - a +0 buckler (worn)
 n - a +0 helmet (worn)
Wands
 i - a wand of paralysis (1)
Scrolls
 e - a scroll of enchant weapon {!r, unknown}
 f - 4 scrolls of teleportation {!r}
 g - a scroll of noise {!r, unknown}
 j - 4 scrolls of blinking {!r}
 l - 2 scrolls of identify {!r}


   Skills:
 - Level 2.0 Fighting
 - Level 3.1 Dodging
 - Level 1.5 Stealth
 + Level 2.6 Shields
 + Level 6.0 Spellcasting
 * Level 6.1 Conjurations


You had 12 spell levels left.
You knew the following spells:

 Your Spells              Type           Power        Failure   Level  Hunger
a - Iskenderun's Mystic   Conj           ###.....     17%         4    N/A
b - Magic Dart            Conj           ###.         1%          1    N/A
d - Searing Ray           Conj           ###...       2%          2    N/A

Your spell library contained the following spells:

 Spells                   Type           Power        Failure   Level  Hunger
 Fulminant Prism          Conj/Hex       ##........   52%         4    N/A
 Dazzling Spray           Conj/Hex       ##....       19%         3    N/A
 Force Lance              Conj/Tloc      ##......     52%         4    N/A

Dungeon Overview and Level Annotations

Branches:
Dungeon (4/15)
 Temple: D:4-7

Altars:
Sif Muna

Annotations:
D:4 Blork the orc, Ijyb


Innate Abilities, Weirdness & Mutations

You do not eat or drink.
Your flesh is vulnerable to fire.
You are immune to poison.
Your flesh is cold resistant. (rC+)
You are immune to negative energy. (rN+++)
You are immune to unholy pain and torment.
You can survive without breathing.


Message History

You are unable to access your magic!
You are unable to access your magic!
Blork the orc casts a spell at you. The puff of frost hits you!
You are unable to access your magic!
You are unable to access your magic!
You regain access to your magic.
Casting: Iskenderun's Mystic Blast (safe; 17% risk of failure)
Confirm with . or Enter, or press ? or * to list all spells.
You can't see any susceptible monsters within range! (Use Z to cast anyway.) Blork the orc casts a spell at you.
The magic dart hits you!
Casting: Iskenderun's Mystic Blast (safe; 17% risk of failure)
Confirm with . or Enter, or press ? or * to list all spells.
Aiming: Iskenderun's Mystic Blast (safe; 17% risk of failure)
Press: ? - help, Shift-Dir - straight line, f/p - Blork the orc
Aim: Blork the orc, wielding a glaive of distortion and wearing a robe (lightly wounded)
The orb of energy hits Blork the orc.
Blork the orc is moderately wounded.
Sif Muna grants you divine energy.
You briefly lose access to your magic!
Press: ? - help, v - describe, . - travel
Here: Blork the orc, wielding a glaive of distortion and wearing a robe (moderately wounded)
The floor.
You regain access to your magic.
Casting: Iskenderun's Mystic Blast (safe; 17% risk of failure)
Confirm with . or Enter, or press ? or * to list all spells.
Aiming: Iskenderun's Mystic Blast (safe; 17% risk of failure)
Press: ? - help, Shift-Dir - straight line, f/p - Blork the orc
Aim: Blork the orc, wielding a glaive of distortion and wearing a robe (moderately wounded)
The orb of energy hits Blork the orc.
Blork the orc is severely wounded.
Sif Muna grants you divine energy.
You briefly lose access to your magic!
Blork the orc mumbles some strange words.
Blork the orc seems to speed up.
Unknown command.
Blork the orc points at you and mumbles some strange words.
The magic dart hits you!
Blork the orc screams, "I'll rip your head off!"
Blork the orc casts a spell at you. The puff of flame hits you!
The fire burns you terribly!
* * * LOW HITPOINT WARNING * * *
Blork the orc gestures at you while chanting.
The puff of frost hits you! You resist.
* * * LOW HITPOINT WARNING * * *
You regain access to your magic.
Found 20 arrows and 19 sling bullets.
Casting: Iskenderun's Mystic Blast (safe; 17% risk of failure)
Confirm with . or Enter, or press ? or * to list all spells.
Aiming: Iskenderun's Mystic Blast (safe; 17% risk of failure)
Press: ? - help, Shift-Dir - straight line, f/p - Blork the orc
Aim: Blork the orc, wielding a glaive of distortion and wearing a robe (severely wounded, fast)
You miscast Iskenderun's Mystic Blast.
You are very lightly contaminated with residual magic.
Nothing appears to happen.
Sif Muna grants you divine energy.
You briefly lose access to your magic!
Blork the orc points at you and mumbles some strange words.
The puff of flame hits you! The fire burns you terribly!
* * * LOW HITPOINT WARNING * * *
Blork the orc points at you and mumbles some strange words.
The puff of flame hits you! The fire burns you terribly!
You die...

....... .. ....(..#..
.......#.##### . . .(.....#.....
.## [. .......#.......###.. . ...
...............#... .. ...
...............#.# .. # ...
.......@[....#.# #.#.## ..
####...........# #.#.## ####.
#.........######.#'## #..o#
###########.#..... ...... #...#
#......####o#..#####.....
##...####.....o................g
............[.......#..#####.#
###.................#..#####.####
#.................#............


You could see Blork the orc.

Vanquished Creatures
  Grinder (D:3)
  Eustachio (D:4)
  2 phantoms
  2 scorpions
  A crimson imp (D:4)
  A hound (D:4)
  2 orc priests
  3 orc wizards
  A worker ant (D:4)
  Robin (D:4)
  2 adders (D:2)
  An ooze (D:1)
  An adder skeleton (D:4)
  3 worms
  2 dart slugs
  2 leopard geckos
  4 orcs
  6 giant cockroaches
  20 goblins
  15 hobgoblins
  14 jackals
  20 kobolds
  2 quokkas
  3 ball pythons
  11 bats
  2 frilled lizards (D:2)
  A giant cockroach zombie (D:1)
  A leopard gecko skeleton (D:4)
  A leopard gecko zombie (D:1)
  6 rats
132 creatures vanquished.

Notes
Turn   | Place    | Note
-------+----------+-------------------------------------------
     0 | D:1      | Amnesiac the Mummy Conjurer began the quest for the Orb.
     0 | D:1      | Reached XP level 1. HP: 13/13 MP: 4/4
   370 | D:2      | Reached XP level 2. HP: 15/20 MP: 0/6
   374 | D:2      | Learned a level 2 spell: Searing Ray
   526 | D:2      | HP: 1/20 [leopard gecko (2)]
   527 | D:2      | Reached skill level 1 in Fighting
   851 | D:2      | Reached XP level 3. HP: 26/26 MP: 0/7
  1126 | D:4      | Noticed a phantom
  1134 | D:4      | Noticed Ijyb
  1829 | D:4      | Reached XP level 4. HP: 33/33 MP: 8/8
  1837 | D:4      | Found a deep blue altar of Sif Muna.
  1845 | D:4      | Became a worshipper of Sif Muna the Loreminder
  1851 | D:4      | Learned a level 4 spell: Iskenderun's Mystic Blast
  2637 | D:1      | You fall through a shaft!
  2931 | D:2      | Reached XP level 5. HP: 38/38 MP: 6/10
  3054 | D:2      | Reached * piety under Sif Muna
  3816 | D:3      | Reached XP level 6. HP: 32/44 MP: 0/12
  4002 | D:3      | Noticed Grinder
  4017 | D:3      | Paralysed by Grinder for 5 turns
  4042 | D:3      | Killed Grinder
  4042 | D:3      | Reached skill level 1 in Shields
  4042 | D:3      | Reached skill level 5 in Conjurations
  4114 | D:3      | Reached XP level 7. HP: 42/50 MP: 0/14
  4136 | D:3      | Reached ** piety under Sif Muna
  4181 | D:3      | Reached skill level 5 in Spellcasting
  4959 | D:4      | Noticed Eustachio
  4969 | D:4      | Killed Eustachio
  5053 | D:4      | Noticed Robin
  5124 | D:4      | Killed Robin
  5275 | D:4      | Reached XP level 8. HP: 25/56 MP: 0/17
  5323 | D:4      | Noticed Blork the orc
  5350 | D:4      | Killed from afar by Blork the orc

Vault maps used:
D:1:      saegor_arrival_fortress, minmay_misc_feat_hallway,
          hangedman_abyss_or_decor_stabs
D:2:      first_ration
D:3:      corexii_shack_village, uniq_grinder
D:4:      tgw_sif, uniq_ijyb, uniq_blork_the_orc, uniq_robin, uniq_eustachio

Skill      XL: |  1  2  3  4  5  6  7 |
---------------+----------------------+-----
Dodging        | 2 3 |  3.1
Spellcasting   | 3 4 6 |  6.0
Fighting       | 1 2 |  2.0
Conjurations   | 4 5 6 |  6.1
Shields        | 1 2 |  2.6
Stealth        | |  1.5

Action                   |  1- 3 |  4- 6 |  7- 9 || total
-------------------------+-------+-------+-------++-------
 Fire: Hunting sling     |    31 |    97 |    67 ||   195
 Cast: Magic Dart        |    39 |    93 |       ||   132
       Searing Ray       |     7 |     4 |     3 ||    14
       Iskenderun's Myst |       |    12 |    50 ||    62
Invok: Divine Energy     |       |     1 |       ||     1
Evoke: Wand              |       |     5 |     2 ||     7
  Use: Scroll            |       |     6 |     1 ||     7
Armor: Robe              |     3 |    13 |       ||    16
       Leather armour    |       |     9 |    13 ||    22
Dodge: Dodged            |    13 |    71 |    33 ||   117
Block: Buckler           |       |       |     5 ||     5

Table legend:
 A = Non-vault XP
 B = Vault XP
 C = Vault XP percentage of total XP
 D = Non-vault monster count
 E = Vault monster count
 F = Vault count percentage of total count
 G = Total turns spent on level
                 A         B        C        D         E       F
            +---------+---------+-------+---------+---------+-------
      Total |     869 |     605 |  41.0 |      97 |      35 |  26.5
            +---------+---------+-------+---------+---------+-------
        D:1 |      62 |       2 |   3.1 |      33 |       2 |   5.7
        D:2 |     105 |       0 |   0.0 |      26 |       0 |   0.0
        D:3 |     325 |     325 |  50.0 |      26 |      20 |  43.5
        D:4 |     377 |     278 |  42.4 |      12 |      13 |  52.0
            +---------+---------+-------+---------+---------+-------
